 Dungeon Crawl Stone Soup version 0.18-a0-1109-gfc003ac (webtiles) character file.

37 xgamer67 the Conjurer (level 3, -3/21 HPs)
             Began as an Octopode Conjurer on Jan 16, 2016.
             Slain by Ijyb
             ... wielding a +0 dagger
              (4 damage)
             ... on level 2 of the Dungeon.
             The game lasted 00:04:32 (1088 turns).

xgamer67 the Conjurer (Octopode Conjurer)           Turns: 1088, Time: 00:04:32

Health: -3/21      AC:  1    Str:  7    XL:     3   Next: 39%
Magic:  2/6        EV: 12    Int: 18    God:
Gold:   50         SH:  0    Dex: 12    Spells: 2 memorised, 3 levels left

rFire  . . .     SeeInvis .     a - +0 dagger
rCold  . . .     Gourm    .     (no shield)
rNeg   . . .     Faith    .     (helmet restricted)
rPois  .         Spirit   .     (no amulet)
rElec  .         Dismiss  .     n - +5 ring of slaying
rCorr  .         Reflect  .     (no ring)
SustAt .         Harm     .     (no ring)
MR     .....                    (no ring)
Stlth  +++.......               (no ring)
                                (no ring)
                                (no ring)
                                (no ring)

@: not resistant to hostile enchantments, fairly stealthy
A: almost no armour, amphibious, 8 rings, constrict 8, camouflage 1, gelatinous
body 1
a: no special abilities


You were on level 2 of the Dungeon.
You were not hungry.

You visited 1 branch of the dungeon, and saw 2 of its levels.

You collected 50 gold pieces.

Inventory:

Hand Weapons
 a - a +0 dagger (weapon)
Missiles
 d - 28 stones (quivered)
Jewellery
 n - a +5 ring of slaying (left tentacle)
Scrolls
 c - a scroll of random uselessness {unknown}
 f - a scroll of amnesia {unknown}
 j - a scroll of magic mapping {unknown}
 o - a scroll of fog {unknown}
Potions
 e - 2 potions of curing {unknown}
 g - a potion of might {unknown}
 h - a potion of agility {unknown}
Books
 m - a book of Conjurations

   Spells                             Type                      Level
   a - Magic Dart                     Conjuration                  1
   b - Searing Ray                    Conjuration                  2
   c - Dazzling Spray                 Conjuration/Hexes            3
   d - Fulminant Prism                Conjuration/Hexes            4
   e - Iskenderun's Mystic Blast      Conjuration                  4
   f - Iskenderun's Battlesphere      Conjuration/Charms           5
Comestibles
 b - a bread ration
 i - 2 royal jellies
 k - a meat ration


   Skills:
 - Level 2.0 Dodging
 - Level 2.6 Stealth
 - Level 2.0 Spellcasting
 + Level 5.1 Conjurations


You had 3 spell levels left.
You knew the following spells:

 Your Spells              Type           Power        Failure   Level  Hunger
a - Magic Dart            Conj           ###.         1%          1    #......
b - Searing Ray           Conj           ###...       3%          2    ###....


Dungeon Overview and Level Annotations

Branches:
Dungeon (2/15)

Altars:
Gozag

Annotations:
D:2 Ijyb


Innate Abilities, Weirdness & Mutations

You cannot wear most types of armour.
You are amphibious.
You can wear up to eight rings at the same time.
You can use your tentacles to constrict eight enemies at once.
Your skin changes colour to match your surroundings (Stealth).
Your rubbery body absorbs attacks (AC +1).


Message History

Casting: Magic Dart
Confirm with . or Enter, or press ? or * to list all spells.
Aiming: Searing Ray
Press: ? - help, Shift-Dir - straight line, f - Ijyb
Aim: Ijyb, wielding a dagger The searing ray hits Ijyb.
Ijyb is lightly wounded.
The searing ray hits Ijyb.
Ijyb is moderately wounded.
Ijyb zaps a wand.
The puff of frost hits you!
It is a wand of frost.
The searing ray misses Ijyb.
Ijyb zaps a wand.
The puff of frost hits you!
Ouch! That really hurt!
* * * LOW HITPOINT WARNING * * *
The giant newt bites you but does no damage.
Drink which item? (? for menu, Esc to quit)
Okay, then.
You hit Ijyb. You grab Ijyb. You squeeze Ijyb!
Ijyb is severely wounded.
You constrict Ijyb. Ijyb hits you with a dagger.
You die...

.....# #. #....# # #.#
#.. ..... ... #.##### #.#
#...####...# ......####.#
#..%........
#.#........###...........
#.#............g.........
#.#...####.#####@.......≈
.>...#####.......l.....≈≈
#.###...............≈≈≈≈≈
#.# #.####.####.#.≈≈≈≈≈§≈
#.# #.# #.####.#≈≈≈≈≈≈≈≈
#.# #.# ###.....≈≈≈≈≈≈≈≈
#.# #.# ####.#.≈≈≈≈≈≈≈
..##### #.#.....≈≈≈
#....# #.)........


You could see Ijyb and a giant newt.

Vanquished Creatures
  An adder (D:1)
  3 goblins (D:1)
  3 hobgoblins
  6 jackals (D:1)
  A ball python (D:1)
  3 bats (D:1)
  2 giant newts
  4 kobolds (D:1)
  3 rats (D:1)
26 creatures vanquished.

Notes
Turn   | Place    | Note
--------------------------------------------------------------
     0 | D:1      | xgamer67 the Octopode Conjurer began the quest for the Orb.
     0 | D:1      | Reached XP level 1. HP: 11/11 MP: 3/3
   117 | D:1      | Reached XP level 2. HP: 17/17 MP: 3/5
   121 | D:1      | Learned a level 2 spell: Searing Ray
   480 | D:1      | Reached skill level 5 in Conjurations
   480 | D:1      | Reached XP level 3. HP: 21/21 MP: 2/6
  1018 | D:2      | Found an opulent altar of Gozag.
  1081 | D:2      | Noticed Ijyb
  1087 | D:2      | HP: 1/21 [Ijyb/wand of frost (11)]
  1088 | D:2      | Slain by Ijyb

Vault maps used:
D:1:      lemuel_arrival_hallway
D:2:      lemuel_round_altar, grunt_gozag_statues, lemuel_old_faithful,
          uniq_crazy_yiuf_cottage, uniq_iyjb

Action                   || total
-------------------------++-------
Melee: Club              ||     4
       Dagger            ||     3
 Cast: Magic Dart        ||    30
       Searing Ray       ||     3
 Stab: Sleeping          ||     2
  Eat: Chunk             ||     1
